 Dungeon Crawl Stone Soup version 0.27.1-34-g3ba077fa99 (webtiles) character file.

Game seed: 8710883567979382465

126186 Sharkman1231 the Spear-Bearer (level 16, -6/127 HPs)
             Began as a Demonspawn Monk on Jan 19, 2022.
             Was the Champion of Okawaru.
             Hit by a silver javelin thrown by a merfolk javelineer (10 damage)
             ... on level 4 of the Shoals.
             The game lasted 00:46:10 (49687 turns).

Sharkman1231 the Spear-Bearer (Demonspawn Monk)    Turns: 49687, Time: 00:46:11

Health: -6/127     AC: 28    Str: 12    XL:     16   Next: 43%
Magic:  0/22       EV: 18    Int: 12    God:    Okawaru [******]
Gold:   1679       SH:  8    Dex: 28    Spells: 15/15 levels left

rFire    + . .     SeeInvis +   b - +2 demon trident (vamp)
rCold    + + +     Faith    .   z - +1 buckler {AC+3}
rNeg     . . .     Spirit   +   X - +0 ice dragon scales
rPois    .         Reflect  .   (helmet unavailable)
rElec    +         Harm     .   d - +0 cloak
rCorr    .         Rampage  .   Q - +2 pair of gloves
Will     +....                  S - +1 pair of boots "Joxach" {Dex+6}
Stlth    +++.......             r - amulet of guardian spirit
HPRegen  0.31/turn              E - ring "Gawo" {rF++ rC+ Slay+2}
MPRegen  0.18/turn              G - ring of see invisible

@: no status effects
A: horns 3, thin metallic scales 3, demonic guardian 1, foul stench 2
a: Renounce Religion, Heroism, Finesse


You were on level 4 of the Shoals.
You worshipped Okawaru.
Okawaru was exalted by your worship.
You visited 4 branches of the dungeon, and saw 25 of its levels.
You also visited: Bailey, Ice Cave and Volcano.

You collected 2830 gold pieces.
You spent 1151 gold pieces at shops.

Inventory:

Hand Weapons
 a - a +4 dagger of electrocution
 b - a +2 vampiric demon trident (weapon)
 L - a +4 trident of flaming
Missiles
 e - 95 poisoned darts (quivered)
 K - 2 curare-tipped darts
 O - 2 throwing nets
Armour
 d - a +0 cloak (worn)
 q - a +2 buckler of cold resistance
 z - a +1 buckler of protection (worn)
 Q - a +2 pair of gloves (worn)
 S - the +1 pair of boots "Joxach" (worn) {Dex+6}
   (Okawaru gifted it to you on level 4 of the Lair of Beasts)

   Dex:       It affects your dexterity (+6).
 W - +0 fire dragon scales
 X - +0 ice dragon scales (worn)
Jewellery
 f - a ring of protection from fire
 h - an amulet of faith
 m - a ring of protection from fire
 r - an amulet of guardian spirit (around neck)
 x - a ring of poison resistance
 E - the ring "Gawo" (left hand) {rF++ rC+ Slay+2}
   (You found it in an ice cave)

   [ring of protection from cold]

   Slay:      It affects your accuracy & damage with ranged weapons and melee
   (+2).
   rF:        It greatly protects you from fire.
   rC:        It protects you from cold.
 G - a ring of see invisible (right hand)
 J - the ring of Ackefeuth {rElec rF+ MP+9}
   (You acquired it in a bailey)

   [ring of magical power]

   rF:        It protects you from fire.
   rElec:     It insulates you from electricity.
   MP:        It affects your magic capacity (+9).
 M - a +4 ring of protection
 P - a ring of ice
 R - the amulet of Folob {RegenMP Fly rF+ rC+ Str+3}
   (You took it off a merfolk on level 4 of the Shoals)

   [amulet of magic regeneration]

   It increases your rate of magic regeneration.
   Str:       It affects your strength (+3).
   rF:        It protects you from fire.
   rC:        It protects you from cold.
   Fly:       It grants you flight.
 Y - a ring of wizardry
Wands
 l - a wand of polymorph (23)
 u - a wand of digging (17)
 y - a wand of flame (66)
 I - a wand of acid (23)
Scrolls
 c - 6 scrolls of amnesia
 j - 9 scrolls of teleportation
 k - 3 scrolls of fog
 o - 2 scrolls of fear
 p - 6 scrolls of blinking
 s - 4 scrolls of enchant weapon
 w - a scroll of summoning
 C - 4 scrolls of immolation
 D - a scroll of identify
 F - 2 scrolls of vulnerability
 N - 2 scrolls of torment
 V - a scroll of brand weapon
 Z - a scroll of enchant armour
Potions
 g - 3 potions of invisibility
 i - 5 potions of heal wounds
 n - 3 potions of curing
 t - 2 potions of brilliance
 v - 4 potions of magic
 A - a potion of mutation
 B - 16 potions of ambrosia
 H - a potion of lignification
 U - 3 potions of might


   Skills:
 - Level 12.0 Fighting
 - Level 4.0 Short Blades
 - Level 14.0 Polearms
 - Level 12.4 Armour
 + Level 12.7 Dodging
 - Level 7.0 Stealth
 - Level 4.0 Shields
 - Level 9.2 Invocations
 - Level 7.1 Evocations


You had 15 spell levels left.
You didn't know any spells.
Your spell library contained the following spells:

 Spells                   Type           Power      Damage    Failure   Level
 Animate Skeleton         Necr           0%         N/A       83%         1
 Beastly Appendage        Tmut           0%         N/A       83%         1
 Freeze                   Ice            0%         1d3       83%         1
 Pain                     Necr           0%         1d4       83%         1
 Summon Small Mammal      Summ           0%         N/A       83%         1
 Frozen Ramparts          Ice            0%         1d2       99%         3
 Gell's Gravitas          Tloc           0%         N/A       99%         3
 Inner Flame              Hex/Fire       0%         N/A       99%         3
 Lesser Beckoning         Tloc           0%         N/A       99%         3
 Teleport Other           Tloc           0%         N/A       99%         3
 Tukima's Dance           Hex            0%         N/A       99%         3
 Vampiric Draining        Necr           0%         2d6       99%         3
 Animate Armour           Summ/Erth      0%         N/A       100%        4
 Cause Fear               Hex            0%         N/A       100%        4
 Hailstorm                Conj/Ice       0%         3d3       100%        4
 Leda's Liquefaction      Hex/Erth       0%         N/A       100%        4
 Olgreb's Toxic Radiance  Pois           0%         N/A       100%        4
 Passage of Golubria      Tloc           N/A        N/A       100%        4
 Petrify                  Tmut/Erth      0%         N/A       100%        4
 Bolt of Magma            Conj/Fire/Erth 0%         4d4       100%        5
 Fireball                 Conj/Fire      0%         3d3       100%        5
 Metabolic Englaciation   Hex/Ice        0%         N/A       100%        5
 Yara's Violent Unravell  Hex/Tmut       0%         3d3       100%        5
 Dispersal                Tloc           0%         N/A       100%        6
 Starburst                Conj/Fire      0%         6d3       100%        6
 Statue Form              Tmut/Erth      0%         N/A       100%        6
 Malign Gateway           Summ/Tloc      0%         N/A       100%        7
 Ozocubu's Refrigeration  Ice            0%         4d5       100%        7
 Discord                  Hex            0%         N/A       100%        8
 Ignition                 Fire           0%         3d3       100%        8


Dungeon Overview and Level Annotations

Branches:
Dungeon (14/15)            Temple (1/1) D:6            Lair (6/6) D:10
 Shoals (4/4) Lair:3        Snake (0/4) Lair:2        Slime (0/5) Lair:5
    Orc (0/2) D:10         Vaults (0/5) D:14         Bailey (visited)
  IceCv (visited)         Volcano (visited)

Altars:
Ashenzari
Cheibriados
Dithmenos
Elyvilon
Fedhas
Gozag
Hepliaklqana
Kikubaaqudgha
Makhleb
Nemelex Xobeh
Okawaru
Qazlal
Ru
Sif Muna
Trog
Uskayaw
Vehumet
Wu Jian
Xom
Yredelemnul
Zin
The Shining One
Beogh

Shops:
D:2 ?   D:6 *   D:12 (   Shoals:1 *(

Annotations:
D:6 2 runed translucent doors, AbsoluteStateOfPlay's ghost, novice TrBe


Innate Abilities, Weirdness & Mutations

You have a pair of large horns on your head.
You are completely covered in thin metallic scales. (AC +4, rElec)
A weak demonic guardian rushes to your aid.
You sometimes emit foul miasma when damaged in melee.


Message History

The silver javelin completely misses you.
The titan is engulfed in dark miasma.
The titan looks even sicker.
The titan completely misses you.
You puncture the merfolk javelineer!
Your headbutt misses the merfolk javelineer.
The merfolk javelineer is almost dead.
The merfolk javelineer throws a silver javelin.
The silver javelin pierces through you! The silver sears you!
Unknown command.
You are too injured to fight recklessly!
You puncture the titan!
You feel better.
You headbutt the titan!
The titan is almost dead.
You hit the titan but do no damage.
You headbutt the titan, but do no damage.
The titan is almost dead.
The merfolk javelineer throws a silver javelin.
The silver javelin pierces through you. The silver sears you!
The titan is engulfed in dark miasma.
The titan looks as sick as possible!
The titan gestures wildly while chanting.
The titan is healed somewhat.
You completely miss the titan.
The titan is severely wounded.
You hit the titan but do no damage.
The titan is severely wounded.
The merfolk javelineer throws a silver javelin.
The silver javelin pierces through you!!
* * * LOW HITPOINT WARNING * * *
The silver sears you!
* * * LOW HITPOINT WARNING * * *
The titan is engulfed in dark miasma.
The titan looks as sick as possible!
The titan seems to slow down.
The titan hits you.
* * * LOW HITPOINT WARNING * * *
A demonic guardian appears!
You puncture the titan!
The titan is almost dead.
The merfolk javelineer throws a silver javelin.
The silver javelin pierces through you!!
* * * LOW HITPOINT WARNING * * *
The silver sears you!
You die...

#..#########
#..#8.....8##≈≈..
#..#.......##≈.. ≈
#..#...≈#..##..# ≈≈
#..#..≈≈≈..#...# ..≈
#..#..≈≈≈..#.≈.# ....
#..#..≈#≈≈.#≈≈≈#..#
#..#.#≈#≈4.#≈m≈≈..#
#^.#.≈≈≈≈≈@#≈C≈≈≈.#
#..#.≈≈≈.mC#≈#≈≈≈.#
#..).†≈≈.≈.'≈##≈≈≈≈≈≈
#.[).≈≈.≈≈.'≈# ≈≈≈≈≈≈
#))#†≈≈#.≈.#≈# ≈.#≈≈
#).#.≈≈.≈≈.#≈≈≈ ≈.# ≈
#..#..≈≈≈..#≈≈≈≈..#
#..#.≈≈≈≈..#≈≈≈#..#
#..#..≈≈≈..#.≈.# .


You could see a titan (extremely poisoned, slow, ally target), a merfolk
javelineer (invisible) and a friendly ice devil (summoned).

Vanquished Creatures
  A kraken (Shoals:4)
  Gastronok (Lair:3)
  An azure jelly (IceCv)
  An ironbound preserver (D:13)
  3 quicksilver oozes (IceCv)
  4 merfolk impalers
  3 merfolk javelineers (Shoals:4)
  Josephine (Lair:4)
  A fire dragon (Lair:6)
  An ice dragon (Lair:6)
  A rakshasa (D:14)
  10 hydras
  5 boulder beetles
  A catoblepas (Lair:3)
  2 centaur warriors
  Erica (D:11)
  A merfolk avatar (Shoals:4)
  3 merfolk aquamancers (Shoals:4)
  4 death yaks
  3 two-headed ogres
  2 alligator snapping turtles
  Nergalle (Lair:1)
  A swamp dragon (Lair:6)
  6 sea snakes
  5 harpies
  3 oklob plants
  A lindwurm (Lair:6)
  A deep elf pyromancer (D:13)
  14 fauns
  3 orc knights (Bailey)
  5 cyclopes
  3 ugly things
  8 manticores
  Joseph (D:8)
  3 ice statues (IceCv)
  5 merfolk sirens
  5 elephants
  10 water nymphs
  5 torpor snails (Lair:6)
  8 black mambas
  10 cane toads
  3 gargoyles
  4 kobold demonologists
  Maggie (D:7)
  An unseen horror (shapeshifter) (D:13)
  An efreet (Volcano)
  2 rime drakes (Lair:6)
  18 komodo dragons
  A troll (shapeshifter) (D:12)
  An entropy weaver simulacrum (IceCv)
  6 polar bears
  15 merfolk
  A queen bee (D:12)
  2 trolls
  8 hornets
  3 meliai
  6 snapping turtles
  4 tyrant leeches (Lair:6)
  3 wind drakes (Shoals:4)
  20 slime creatures
  12 blink frogs
  2 vampires
  A shadow (D:10)
  3 air elementals (Shoals:4)
  A fire elemental (Volcano)
  12 wraiths
  14 water elementals
  6 basilisks
  4 wyverns
  3 vampire mosquitoes (D:11)
  47 yaks
  3 steam dragons
  Edmund (D:4)
  2 acid dragons (Lair:6)
  3 demonic crawler simulacra (IceCv)
  20 water moccasins
  A swamp drake (Lair:6)
  16 orc warriors
  2 ugly thing simulacra (IceCv)
  A black bear (D:5)
  An ice beast (D:6)
  10 wolves
  2 ogres (D:5)
  A phantom (D:7)
  5 centaurs
  4 kobold brigands
  11 bullfrogs
  2 scorpions
  A water moccasin zombie (D:6)
  A glowing shapeshifter simulacrum (IceCv)
  3 wyvern zombies (D:8)
  A water moccasin skeleton (D:5)
  26 killer bees
  An elephant simulacrum (Lair:1)
  7 electric eels
  3 howler monkeys
  2 wights (D:8)
  5 centaur zombies
  A hound (D:5)
  A bullfrog skeleton (D:5)
  A gnoll shaman (D:7)
  14 orc priests
  4 jellies
  3 iron imps (D:3)
  19 iguanas
  9 orc wizards
  A scorpion zombie (D:5)
  2 hound skeletons
  A howler monkey zombie (D:6)
  4 adders
  12 gnolls
  A white imp (D:7)
  An ufetubus (D:5)
  5 dart slugs
  58 orcs
  6 bats
  4 endoplasms
  A giant cockroach (D:2)
  17 goblins
  12 hobgoblins
  9 jackals
  16 kobolds
  4 quokkas
  10 ball pythons
  18 frilled lizards
  9 rats
  A butterfly (Lair:5)
  2 tentacles (Shoals:4)
734 creatures vanquished.

Vanquished Creatures (collateral kills)
  2 hydras (Lair:6)
  2 harpies (Shoals:3)
  2 elephants (Lair:4)
  A cane toad (Lair:6)
  A komodo dragon (Lair:5)
  A merfolk (Shoals:3)
  A wind drake (Shoals:4)
  A blink frog (Lair:6)
  2 slime creatures
  An air elemental (Shoals:4)
  2 water elementals
  A yak (Lair:5)
  Duvessa (D:4)
  A swamp drake (Lair:5)
  An orc warrior (Bailey)
  Dowan (D:4)
  A wight (D:8)
  An adder (D:2)
  A worm (D:2)
  2 orcs
  An endoplasm (D:2)
  A frilled lizard (Lair:5)
28 creatures vanquished.

Vanquished Creatures (others)
  A merfolk aquamancer (Shoals:4)
  An entropy weaver simulacrum (IceCv)
  A demonic crawler simulacrum (IceCv)
  2 ugly thing simulacra (IceCv)
  2 iguanas
  An orc (Bailey)
  63 fungi
  144 plants
  9 tentacles (Shoals:4)
224 creatures vanquished.

Grand Total: 986 creatures vanquished

Notes
Turn   | Place    | Note
-------+----------+-------------------------------------------
     0 | D:1      | Sharkman1231 the Demonspawn Monk began the quest for the
                  | Orb.
     0 | D:1      | Reached XP level 1. HP: 18/18 MP: 1/1
   265 | D:1      | Reached skill level 3 in Polearms
   265 | D:1      | Gained mutation: You have a pair of small horns on your
                  | head. [demonic ancestry]
   265 | D:1      | Reached XP level 2. HP: 24/24 MP: 2/2
   629 | D:1      | Gained mutation: A weak demonic guardian rushes to your
                  | aid. [demonic ancestry]
   629 | D:1      | Reached XP level 3. HP: 29/29 MP: 3/3
   995 | D:2      | Found Hunojev's Magic Scroll Shoppe.
  1011 | D:2      | Bought a scroll of identify for 24 gold pieces
  1437 | D:2      | Found a faded altar of an unknown god.
  1921 | D:2      | Gained mutation: You have a pair of horns on your head.
                  | [demonic ancestry]
  1921 | D:2      | Reached XP level 4. HP: 26/35 MP: 4/4
  2260 | D:3      | Found a broken altar of Ashenzari.
  2295 | D:3      | Reached skill level 4 in Polearms
  2872 | D:3      | Reached XP level 5. HP: 39/42 MP: 3/5
  2955 | D:3      | Found a burning altar of Makhleb.
  3646 | D:4      | Noticed Edmund
  3676 | D:4      | Killed Edmund
  3677 | D:4      | Reached skill level 5 in Polearms
  3677 | D:4      | Gained mutation: You may rarely emit foul miasma when
                  | damaged in melee. [demonic ancestry]
  3677 | D:4      | Reached XP level 6. HP: 18/49 MP: 3/6
  3932 | D:4      | Got the Handbook of Shifting Calling
  4262 | D:4      | Noticed Duvessa
  4262 | D:4      | Noticed Dowan
  4286 | D:4      | Killed Dowan
  4360 | D:5      | Entered Level 5 of the Dungeon
  4581 | D:4      | Killed Duvessa
  4582 | D:4      | Gained mutation: You are partially covered in thin metallic
                  | scales. (AC +2) [demonic ancestry]
  4582 | D:4      | Reached XP level 7. HP: 25/55 MP: 3/7
  4760 | D:4      | Found an ancient bone altar of Kikubaaqudgha.
  5135 | D:5      | Reached skill level 5 in Fighting
  5238 | D:5      | Reached skill level 6 in Polearms
  5369 | D:2      | Bought a scroll of enchant weapon for 90 gold pieces
  5369 | D:2      | Bought a scroll of magic mapping for 42 gold pieces
  5369 | D:2      | Bought a scroll of noise for 12 gold pieces
  5369 | D:2      | Bought a scroll of teleportation for 36 gold pieces
  5369 | D:2      | Bought a scroll of teleportation for 36 gold pieces
  5369 | D:2      | Bought a scroll of teleportation for 36 gold pieces
  5580 | D:5      | Gained mutation: You are mostly covered in thin metallic
                  | scales. (AC +3) [demonic ancestry]
  5580 | D:5      | Reached XP level 8. HP: 44/63 MP: 4/8
  5679 | D:5      | Found a blossoming altar of Fedhas.
  5681 | D:5      | Found a sparkling altar of Nemelex Xobeh.
  5731 | D:5      | Reached skill level 5 in Dodging
  6014 | D:5      | Found a stormy altar of Qazlal.
  6120 | D:5      | Reached skill level 7 in Polearms
  6468 | D:6      | Found a large runed translucent door.
  6468 | D:6      | Found a large runed translucent door.
  6469 | D:6      | Noticed AbsoluteStateOfPlay's ghost (novice TrBe)
  6648 | D:6      | Found Huihos's Assorted Antiques.
  7038 | D:6      | Found a staircase to the Ecumenical Temple.
  7062 | Temple   | Entered the Ecumenical Temple
  7136 | Temple   | Became a worshipper of Warmaster Okawaru
  7136 | Temple   | Reached * piety under Okawaru
  7136 | Temple   | Reached ** piety under Okawaru
  7430 | D:6      | Reached skill level 1 in Invocations
  7666 | D:7      | HP: 1/65 [orc (6)]
  7864 | D:7      | Reached skill level 1 in Short Blades
  7898 | D:7      | Noticed a komodo dragon
  7911 | D:7      | Killed a komodo dragon
  7912 | D:7      | Reached skill level 8 in Polearms
  7912 | D:7      | Gained mutation: You are completely covered in thin
                  | metallic scales. (AC +4, rElec) [demonic ancestry]
  7912 | D:7      | Reached XP level 9. HP: 48/71 MP: 6/10
  8150 | D:7      | Identified the +1 robe of the Furies {Regen+ Str-4 Int-2
                  | Dex+6}
  8256 | D:7      | Identified the +9 shortbow of Recklessness {vorpal, rF+}
  8484 | D:7      | Reached *** piety under Okawaru
  8624 | D:7      | Noticed Maggie
  8649 | D:7      | Killed Maggie
  9753 | D:8      | Noticed Joseph
  9771 | D:8      | Killed Joseph
  9771 | D:8      | Reached **** piety under Okawaru
  9772 | D:8      | Reached skill level 9 in Polearms
 10320 | D:8      | Found a radiant altar of Vehumet.
 10410 | D:8      | Reached XP level 10. HP: 75/79 MP: 11/13
 10454 | D:8      | Found a basalt altar of Yredelemnul.
 10811 | D:9      | Reached skill level 5 in Invocations
 10926 | D:9      | Found a flagged portal.
 11101 | Bailey   | Entered a bailey
 11316 | Bailey   | Found an iron altar of Okawaru.
 11319 | Bailey   | Noticed a sixfirhy
 11348 | Bailey   | Noticed an orc knight
 11367 | Bailey   | Killed an orc knight
 11369 | Bailey   | Acquired the ring of Ackefeuth {rElec rF+ MP+9}
 11612 | Bailey   | Noticed a soul eater
 11618 | Bailey   | Noticed a soul eater
 12090 | Bailey   | Reached ***** piety under Okawaru
 12091 | Bailey   | Reached skill level 10 in Polearms
 12355 | Bailey   | Noticed an orc knight
 12367 | Bailey   | Killed an orc knight
 12368 | Bailey   | Reached skill level 1 in Evocations
 12979 | Bailey   | Noticed an orc knight
 13032 | Bailey   | Killed an orc knight
 13033 | Bailey   | Gained mutation: You have a pair of large horns on your
                  | head. [demonic ancestry]
 13033 | Bailey   | Reached XP level 11. HP: 27/86 MP: 10/16
 13726 | D:9      | Received a gift from Okawaru
 15112 | D:10     | Entered Level 10 of the Dungeon
 15130 | D:10     | Noticed a two-headed ogre
 15146 | D:10     | Killed a two-headed ogre
 15691 | D:10     | Found a sacrificial altar of Ru.
 15796 | D:10     | Found a shadowy altar of Dithmenos.
 15997 | D:10     | Found a staircase to the Lair.
 16030 | D:10     | Reached skill level 11 in Polearms
 16394 | D:10     | Found a staircase to the Orcish Mines.
 17005 | D:11     | Reached ****** piety under Okawaru
 17115 | D:11     | Noticed a boulder beetle
 17128 | D:11     | Killed a boulder beetle
 17128 | D:11     | Received a gift from Okawaru
 17781 | D:11     | Noticed Erica
 17800 | D:11     | Killed Erica
 18174 | D:11     | Identified the +7 halberd "Iraenaec" {protect, rN+ Will+
                  | Int+4} (Okawaru gifted it to you on level 11 of the
                  | Dungeon)
 18174 | D:11     | Received a gift from Okawaru
 18175 | D:11     | Reached XP level 12. HP: 93/95 MP: 18/18
 18255 | D:11     | Noticed a boulder beetle
 18274 | D:11     | Killed a boulder beetle
 18447 | D:12     | Found Qemny's Weapon Shop.
 20020 | D:12     | Reached skill level 5 in Evocations
 20518 | D:12     | Reached skill level 12 in Polearms
 20861 | D:12     | Noticed a boulder beetle
 20875 | D:12     | Killed a boulder beetle
 21279 | D:12     | Noticed a two-headed ogre
 21287 | D:12     | Killed a two-headed ogre
 21435 | D:12     | Reached skill level 1 in Armour
 21538 | D:12     | Noticed a two-headed ogre
 21549 | D:12     | Killed a two-headed ogre
 21550 | D:12     | Reached skill level 10 in Fighting
 21703 | D:12     | Received a gift from Okawaru
 22120 | D:13     | Reached skill level 1 in Shields
 22188 | D:13     | Found a broken altar of Ashenzari.
 22250 | D:13     | Noticed a boulder beetle
 22273 | D:13     | Killed a boulder beetle
 22861 | D:13     | Reached XP level 13. HP: 72/103 MP: 19/19
 24280 | D:13     | Received a gift from Okawaru
 24281 | D:13     | Reached skill level 13 in Polearms
 24580 | D:14     | Found a gate to the Vaults.
 24580 | D:14     | Noticed an ironbound preserver
 24619 | D:13     | Killed an ironbound preserver
 25015 | Lair:1   | Entered Level 1 of the Lair of Beasts
 25092 | Lair:1   | Found a frozen archway.
 25093 | Lair:1   | Noticed Nergalle
 25119 | Lair:1   | Killed Nergalle
 25129 | IceCv    | Entered an ice cave
 25999 | IceCv    | Identified the +1 helmet of Ulac {rPois Str-5 Dex+8}
 26004 | IceCv    | Noticed a quicksilver ooze
 26010 | IceCv    | Killed a quicksilver ooze
 26982 | IceCv    | Noticed a quicksilver ooze
 26991 | IceCv    | Killed a quicksilver ooze
 27396 | IceCv    | Found a viscous altar of Jiyva.
 27396 | IceCv    | Noticed an azure jelly
 27404 | IceCv    | Killed an azure jelly
 27406 | IceCv    | Noticed a quicksilver ooze
 27418 | IceCv    | Killed a quicksilver ooze
 27432 | IceCv    | Got the ring "Gawo" {rF++ rC+ Slay+2}
 28362 | Lair:1   | Reached skill level 5 in Armour
 28486 | Lair:1   | Received a gift from Okawaru
 28487 | Lair:1   | Gained mutation: You sometimes emit foul miasma when
                  | damaged in melee. [demonic ancestry]
 28487 | Lair:1   | Reached XP level 14. HP: 64/113 MP: 15/20
 28787 | Lair:1   | Reached skill level 14 in Polearms
 29293 | Lair:2   | Found a staircase to the Snake Pit.
 30853 | Lair:3   | Noticed Gastronok
 30868 | Lair:3   | Killed Gastronok
 31842 | Lair:3   | Found a staircase to the Shoals.
 32254 | Lair:4   | Received a gift from Okawaru
 32682 | Lair:4   | Reached skill level 5 in Stealth
 32975 | Lair:4   | You fall into a shaft and drop 1 floor!
 33218 | Lair:5   | Found a dark tunnel.
 33231 | Volcano  | Entered a volcano
 34004 | Lair:5   | Found a staircase to the Slime Pits.
 34656 | Lair:4   | Noticed Josephine
 34853 | Lair:4   | Killed Josephine
 34853 | Lair:4   | Identified the +1 pair of boots "Joxach" {Dex+6} (Okawaru
                  | gifted it to you on level 4 of the Lair of Beasts)
 34853 | Lair:4   | Received a gift from Okawaru
 35122 | Lair:4   | Noticed Sonja
 35124 | Lair:4   | Noticed Sonja
 35124 | Lair:4   | Sonja changed into Sonja the polar bear
 35134 | Lair:4   | Killed Sonja the polar bear
 39134 | Lair:6   | Entered Level 6 of the Lair of Beasts
 39162 | Lair:6   | Reached XP level 15. HP: 64/120 MP: 11/21
 40285 | Lair:6   | Reached skill level 10 in Armour
 40909 | Lair:6   | Identified the +2 halberd of the Modern Persimmons {vorpal,
                  | rN+ Int-2 Dex+3 SInv} (Okawaru gifted it to you on level 6
                  | of the Lair of Beasts)
 40909 | Lair:6   | Received a gift from Okawaru
 41559 | Lair:6   | Paralysed by a hornet for 1 turns
 41786 | Lair:6   | Found a runed translucent door.
 42934 | Lair:6   | Paralysed by a hornet for 1 turns
 43855 | Shoals:1 | Entered Level 1 of the Shoals
 43855 | Shoals:1 | Found Ibiog's Antique Weapon Emporium.
 44122 | Shoals:1 | Identified the +5 ring mail of a wizard's laboratory {rC+
                  | Dex+4} (Okawaru gifted it to you on level 1 of the Shoals)
 44122 | Shoals:1 | Received a gift from Okawaru
 44613 | Shoals:1 | Found Hitt's General Store.
 44637 | Shoals:1 | Bought a scroll of enchant armour for 105 gold pieces
 44637 | Shoals:1 | Bought a scroll of acquirement for 728 gold pieces
 44637 | Shoals:1 | Bought a potion of attraction for 42 gold pieces
 45086 | Shoals:1 | Acquired 821 gold pieces
 46738 | Shoals:3 | Reached skill level 10 in Dodging
 47456 | Shoals:4 | Entered Level 4 of the Shoals
 47773 | Shoals:4 | Reached XP level 16. HP: 90/127 MP: 15/22
 48003 | Shoals:4 | Paralysed by an air elemental for 1 turns
 48021 | Shoals:4 | Received a gift from Okawaru
 48027 | Shoals:4 | Paralysed by an air elemental for 1 turns
 48031 | Shoals:4 | Paralysed by an air elemental for 1 turns
 48420 | Shoals:4 | Noticed a kraken
 48466 | Shoals:4 | Killed a kraken
 49084 | Shoals:4 | Paralysed by an air elemental for 1 turns
 49144 | Shoals:4 | Identified the +0 buckler of Pinuoh {rN+ Will- Dex+3}
                  | (Okawaru gifted it to you on level 4 of the Shoals)
 49144 | Shoals:4 | Received a gift from Okawaru
 49468 | Shoals:4 | Identified the amulet of Folob {RegenMP Fly rF+ rC+ Str+3}
 49660 | Shoals:4 | Noticed a titan
 49687 | Shoals:4 | HP: 4/127 [merfolk javelineer/silver javelin (21)]
 49687 | Shoals:4 | Hit by a silver javelin thrown by a merfolk javelineer

Illustrated notes

Levels and vault maps discovered:
D:1:      lemuel_arrival_river_bridge, layout_basic, minmay_pentomino_p2
D:2:      layout_rooms, serial_shops, nicolae_shop_waterfront,
          basic_ecumenical_altar, chequers_arboretum, minmay_unequal
D:3:      layout_rooms, demons_altar, mainiacjoe_overflow_cross_hatched,
          tso_altar, serial_park_tiny_pond, chequers_serial_rivers_small_b
D:4:      layout_gridville, nicolae_kikubaaqudgha_miasma_corner,
          minmay_fractal_squares_diagonal_5, uniq_edmund, uniq_duvessa
D:5:      layout_rooms, nicolae_overflow_hidden_temple, minmay_misc_feat_roman,
          kennysheep_another_room
D:6:      layout_cave_pools, minmay_temple_entry_ruins, serial_shops, shop,
          ebering_ghost_disaster_area
D:7:      layout_loops_cross, uniq_maggie
D:8:      layout_cave_pools, fiery_altar_vehumet,
          lemuel_zombie_altar_yredelemnul, chequers_serial_rivers_micro_a,
          st_stairs_6, grunt_decor_one_mirror, uniq_joseph
D:9:      layout_basic, enter_bailey_3, serial_aquarium,
          aquarium_bridge_long_joined [aquarium_subvault_bridge,
          aquarium_subvault_balcony, aquarium_subvault_wall,
          aquarium_subvault_bridge, aquarium_subvault_bridge,
          aquarium_subvault_wall], aquarium_bridge_island_small
          [aquarium_subvault_small_water, aquarium_subvault_wall,
          aquarium_subvault_bridge, aquarium_subvault_bridge,
          aquarium_subvault_bridge], aquarium_window_1, aquarium_window_3,
          aquarium_window_1, aquarium_window_fake, aquarium_view_2d,
          aquarium_view_2d, aquarium_balcony_3b, aquarium_pool_2, minivault_23
D:10:     layout_roguey, nicolae_ru_awakened_eye,
          grunt_dithmenos_smoke_and_mirrors, david_lair_shrubbed, david_orc_5,
          nicolae_underground_beach
D:11:     layout_rooms, uniq_erica
D:12:     layout_roguey [special_room_bee], serial_shops, shop
D:13:     layout_stronghold, nicolae_ashenzari_panopticon
D:14:     layout_rooms, skrybe_vaults_entry_preservation, minmay_misc_feat_room
Temple:   compressed_dpeg_circular_temple
Lair:1:   layout_small_grid, portal_ice_cave_entry_ice_simulacra,
          beast_lair_carwin_1, serial_bayou_shore_a, uniq_nergalle
Lair:2:   layout_roguey, minmay_snake_entry_six_corridors
Lair:3:   layout_loops_ring, elwin_shoals_entry_rooms,
          kennysheep_catoblepas_arena, uniq_gastronok
Lair:4:   layout_roguey, grunt_megastairs_4, minmay_lair_oklob_chamber,
          lemuel_fruit_fields, uniq_josephine, uniq_sonja
Lair:5:   lemuel_reptile_caves, layout_loops_ring, minmay_slime_entry_pillars,
          nicolae_volcano_entry_two_sided, infiniplex_staircase_pool_2,
          lemuel_fruit_tree, lemuel_fruit_fields
Lair:6:   guppyfry_lair_end_dragon, layout_misc_corridors, wormcave,
          nicolae_quartered_pool_little
Shoals:1: layout_shoals, gammafunk_ghost_wrathful_warriors, serial_shops, shop,
          shop, shop, nicolae_shop_statue_plus
Shoals:2: cheibrodos_shoals_oceanic_diplomacy, layout_shoals, serial_shops,
          nicolae_square_shop, nicolae_shoals_abyss_on_the_beach, uniq_ilsuiw
Shoals:3: layout_shoals, nicolae_shoals_wave_tunnel
Shoals:4: shoals_end_hellmonk_storm_palace [storm_palace_center_square,
          storm_palace_corner_narrow, storm_palace_corner_narrow,
          storm_palace_corner_pillars, storm_palace_corner_reverse_hut],
          uniq_louise

Skill      XL: |  1  2  3  4  5  6  7  8  9 10 11 12 13 14 15 16 |
---------------+-------------------------------------------------+-----
Polearms       | 3 4 5 6 8 9 10 11 12 13 14 | 14.0
Dodging        | 3 4 5 6 7 8 9 10 12 | 12.7
Fighting       | 4 5 6 7 8 9 10 11 12 | 12.0
Invocations    | 2 4 6 8 9 |  9.2
Short Blades   | 1 3 4 |  4.0
Evocations     | 1 4 6 7 |  7.1
Armour         | 2 5 9 12 | 12.4
Shields        | 1 4 |  4.0
Stealth        | 7 |  7.0

Action                   |  1- 3 |  4- 6 |  7- 9 | 10-12 | 13-15 | 16-18 || total
-------------------------+-------+-------+-------+-------+-------+-------++-------
Melee: Spear             |   122 |    44 |       |       |       |       ||   166
       Headbutt          |    10 |    29 |   105 |   267 |   663 |   109 ||  1183
       Dagger            |       |   121 |   424 |  1059 |  1782 |    32 ||  3418
       Trident           |       |       |       |    27 |    15 |    16 ||    58
       Halberd           |       |       |       |    56 |   206 |       ||   262
       Demon trident     |       |       |       |       |       |   285 ||   285
Throw: Dart              |    15 |     8 |       |       |       |       ||    23
Invok: Heroism           |       |       |       |       |     1 |       ||     1
Evoke: Wand              |       |       |       |    35 |    34 |    24 ||    93
  Use: Scroll            |     3 |       |     6 |    12 |    11 |     1 ||    33
       Potion            |       |     1 |     1 |     1 |     5 |     3 ||    11
 Stab: Sleeping          |    10 |     4 |     5 |     6 |    11 |       ||    36
       Distracted        |       |     1 |     1 |     1 |    12 |     1 ||    16
       Paralysed         |       |       |       |     8 |    15 |     6 ||    29
       Confused          |       |       |       |       |     1 |       ||     1
       Petrified         |       |       |       |       |     1 |       ||     1
Armor: Robe              |    14 |    14 |    27 |       |       |       ||    55
       Ring mail         |       |       |    70 |       |       |       ||    70
       Acid dragon scale |       |       |    37 |   429 |   758 |       ||  1224
       Ice dragon scales |       |       |       |       |   163 |   151 ||   314
Dodge: Dodged            |    61 |   103 |   288 |   858 |  1624 |   217 ||  3151
Block: Buckler           |       |       |       |    21 |   117 |    98 ||   236
